 Dungeon Crawl Stone Soup version 0.29-a0-892-g2c4c91d9db (webtiles) character file.

Game seed: 10419116760818630552

15 ragingrage the Sneak (level 2, -4/19 HPs)
             Began as a Gargoyle Delver on July 22, 2022.
             Slain by a river rat (7 damage)
             ... in a sewer.
             The game lasted 00:01:22 (619 turns).

ragingrage the Sneak (Gargoyle Delver)               Turns: 619, Time: 00:01:23

Health: -4/19      AC:  7    Str: 15    XL:     2   Next: 50%
Magic:  2/2        EV: 11    Int: 10    God:
Gold:   63         SH:  0    Dex: 11    Spells: 1/1 levels left

rFire   + . .      SeeInvis .   a - +0 hand axe
rCold   . . .      Faith    .   (no shield)
rNeg    + . .      Spirit   .   i - +2 leather armour {rF+}
rPois   ∞          Reflect  .   (no helmet)
rElec   +          Harm     .   (no cloak)
rCorr   .          Rampage  .   (no gloves)
Will    .....                   (no boots)
Stlth   +++.......              (no amulet)
HPRegen 0.06/turn               (no ring)
MPRegen 0.08/turn               (no ring)

@: no status effects
A: sickness immunity, AC +2, negative energy resistance 1, electricity
resistance, torment resistance 1, petrification resistance
a: no special abilities


You were in a sewer.
You visited 1 branch of the dungeon, and saw 5 of its levels.
You also visited: Sewer.

You collected 63 gold pieces.

Inventory:

Hand Weapons
 a - a +0 hand axe (weapon)
Missiles
 b - 2 boomerangs (quivered)
Armour
 i - a +2 leather armour of fire resistance (worn)
Wands
 g - a wand of digging (3)
Scrolls
 c - a scroll of fog
 d - a scroll of magic mapping
 e - 2 scrolls of fear
 h - a scroll of identify {unknown}
Potions
 f - 2 potions of haste
 j - a potion of might {unknown}


   Skills:
 + Level 3.5 Fighting
 + Level 2.0 Axes
 + Level 1.8 Dodging
 + Level 5.6 Stealth


You had one spell level left.
You didn't know any spells.
Your spell library was empty.

Dungeon Overview and Level Annotations

Branches:
Dungeon (6/15)              Sewer (1/1)
 Temple: D:4-7

Altars:

Annotations:
D:5 exclusion: downstairs


Innate Abilities, Weirdness & Mutations

You are immune to sickness and miasma.
Your stone body is resilient. (AC +2)
You are immune to poison.
You resist negative energy. (rN+)
You are resistant to electric shocks. (rElec)
You are resistant to unholy torment.
You are immune to petrification.


Message History

The worm is severely wounded.
The worm bites you.
You hit the worm.
You kill the worm!
You swing at nothing.
You start resting.
You hear the rusting of a drain.
You start resting.
HP restored.
The world spins around you as you enter the gateway.
You enter a sewer!
There is an empty arch of ancient stone here.
Unknown command.
Found a gate leading back out of this place.
Unknown command.
A rat and a river rat come into view.
Unknown command.
There is a gate leading back out of this place here.
You throw a boomerang.
The boomerang closely misses the river rat.
You throw a boomerang.
The boomerang barely misses the river rat.
You throw a boomerang. The boomerang hits the river rat.
The river rat is lightly wounded.
You closely miss the river rat.
The river rat is lightly wounded.
The river rat bites you. x2
You are too injured to fight recklessly!
You barely miss the river rat.
The river rat is lightly wounded.
The river rat bites you.
You are too injured to fight recklessly!
You hit the river rat but do no damage.
The river rat is lightly wounded.
The river rat bites you.
* * * LOW HITPOINT WARNING * * *
You hit the river rat.
The river rat is moderately wounded.
The river rat bites you!
You die...

≈≈≈≈≈.≈..r.
≈≈≈≈≈≈....
≈≈≈≈≈.....
≈≈≈≈≈≈.r.
≈≈≈≈≈.... ###
≈≈≈≈≈≈..# #@#
≈≈≈≈≈...###r#
≈≈≈≈≈....#..#
≈≈≈≈≈......##
≈≈≈≈≈......#
.≈≈≈≈≈....##
.≈≈≈≈.....##
≈≈≈≈.......##
.≈≈.........##


You could see a river rat.

Vanquished Creatures
  A worm (D:3)
  3 orcs (D:4)
  3 endoplasms
  A hobgoblin (D:3)
8 creatures vanquished.

Notes
Turn   | Place    | Note
-------+----------+-------------------------------------------
     0 | D:5      | ragingrage the Gargoyle Delver began the quest for the Orb.
     0 | D:5      | Reached XP level 1. HP: 14/14 MP: 1/1
    50 | D:5      | Noticed a black bear
    68 | D:5      | Identified the +1 robe of Compassion {-Tele Will++ Str+2
                  | Dex+3}
   268 | D:4      | Reached XP level 2. HP: 13/19 MP: 2/2
   459 | D:3      | Found a glowing drain.
   588 | Sewer    | Entered a sewer
   619 | Sewer    | Slain by a river rat

Illustrated notes

Levels and vault maps discovered:
D:2:      layout_basic, serial_shops, shop, basic_altar, minmay_distorted,
          uniq_terence
D:3:      layout_loops_ring, cheibrodos_sewer_entry_bend, gammafunk_ghost_grave,
          minmay_misc_feat_square, serial_bayou_pond_d, st_stairs_13
D:4:      layout_loops_corners, nicolae_overflow_hidden_temple,
          serial_bayou_pond_d, dreamdust_princess_bridge
D:5:      lemuel_castle_with_subvaults [lemuel_castle_interior_original],
          layout_rooms, minmay_temple_entry_purple_smoke
D:6:      layout_loops_corners, minivault_27, uniq_grinder,
          uniq_crazy_yiuf_cottage, uniq_eustachio, uniq_sigmund
Sewer:    sewer_minmay_treatment

Skill      XL: |  1  2 |
---------------+-------+-----
Axes           | 2 |  2.0
Fighting       | |  3.5
Dodging        | |  1.8
Stealth        | |  5.6

Action                   || total
-------------------------++-------
Melee: Hand axe          ||    46
Throw: Boomerang         ||     6
 Stab: Sleeping          ||     1
Armor: Robe              ||     6
       Leather armour    ||     5
Dodge: Dodged            ||    29

Table legend: (Time is in decaauts)
 A = Elapsed time spent in this place.
 B = Non-inter-level travel time spent in this place.
 C = Inter-level travel time spent in this place.
 D = Time resting spent in this place.
 E = Time spent auto-exploring this place.
 F = Levels seen in this place.
 G = Mean time per level.
                   A        B        C        D        E       F      G
               +--------+--------+--------+--------+--------+-----+--------+
         Total |    632 |    612 |     20 |     79 |    263 |   6 |  105.3 |
       Dungeon |    600 |    580 |     20 |     79 |    248 |   5 |  120.0 |
         Sewer |     32 |     32 |      0 |      0 |     15 |   1 |   32.0 |
               +--------+--------+--------+--------+--------+-----+--------+

Top non-repeatable levels by time:
     D:4: 331 daAuts
     D:3: 146 daAuts
     D:5: 82 daAuts
     D:2: 36 daAuts
   Sewer: 32 daAuts
     D:6: 3 daAuts
